 Dungeon Crawl Stone Soup version 0.25.1-8-g42b30a86e7 (webtiles) character file.

Game seed: 17954046133912057123

37 hehateme the Ogre Mage (level 3, -1/35 HPs)
             Began as an Ogre Venom Mage on Dec 3, 2020.
             Slain by Natasha (7 damage)
             ... on level 2 of the Dungeon.
             The game lasted 00:03:18 (2628 turns).

hehateme the Ogre Mage (Ogre Venom Mage)            Turns: 2628, Time: 00:03:18

Health: -1/35      AC:  4    Str: 13    XL:     3   Next: 39%
Magic:  7/7        EV: 10    Int: 16    God:
Gold:   74         SH:  0    Dex:  9    Spells: 7/8 levels left

rFire    . . .     SeeInvis .   e - +0 hand axe
rCold    . . .     Gourm    .   (no shield)
rNeg     . . .     Faith    .   a - +0 robe
rPois    .         Spirit   .   (helmet restricted)
rElec    .         Reflect  .   d - +0 cloak
rCorr    .         Harm     .   (gloves unavailable)
MR       .....                  (boots unavailable)
Stlth    +.........             (no amulet)
HPRegen  0.11/turn              (no ring)
MPRegen  0.10/turn              (no ring)

@: slowed, very slow
A: large, unfitting armour, tough skin 1
a: no special abilities


You were on level 2 of the Dungeon.
You were not hungry.

You visited 1 branch of the dungeon, and saw 2 of its levels.

You collected 74 gold pieces.

Inventory:

Hand Weapons
 b - a +0 club
 e - a +0 hand axe (weapon)
 h - a +0 mace
 l - a +0 hunting sling
Missiles
 j - 35 stones (quivered)
Armour
 a - a +0 robe (worn)
 d - a +0 cloak (worn)
Scrolls
 f - 3 scrolls of remove curse
 i - a scroll of enchant weapon {unknown}
 k - a scroll of fog {unknown}
Comestibles
 c - 3 rations
 g - a chunk of flesh


   Skills:
 + Level 1.6 Fighting
 * Level 0.3 Axes
 + Level 1.0 Armour
 - Level 1.7 Dodging
 - Level 1.4 Stealth
 - Level 0.9 Unarmed Combat
 + Level 3.0 Spellcasting
 - Level 0.8 Transmutations
 - Level 2.6 Poison Magic


You had 7 spell levels left.
You knew the following spells:

 Your Spells              Type           Power        Failure   Level  Hunger
a - Sting                 Tmut/Pois      #...         9%          1    #......

Your spell library contained the following spells:

 Spells                   Type           Power        Failure   Level  Hunger
 Poisonous Vapours        Pois/Air       #.....       16%         2    ##.....
 Ignite Poison            Fire/Tmut/Pois #.......     34%         3    ###....
 Mephitic Cloud           Conj/Pois/Air  #.......     36%         3    ###....
 Olgreb's Toxic Radiance  Pois           ##......     52%         4    #####..


Dungeon Overview and Level Annotations

Branches:
Dungeon (2/15)

Altars:

Annotations:
D:1 exclusion: downstairs
D:2 Natasha


Innate Abilities, Weirdness & Mutations

You are too large for most types of armour.
You have tough skin. (AC +1)


Message History

The iron imp hits you but does no damage.
e - a +0 hand axe (weapon)
Natasha claws you.
You closely miss Natasha.
Natasha is severely wounded.
You hit the iron imp. The iron imp hits you! Natasha claws you.
The iron imp hits you.
You are too injured to fight recklessly!
Unknown command.
You are too injured to fight recklessly!
You hit Natasha but do no damage.
Natasha is severely wounded.
You hit the iron imp but do no damage.
Natasha wildly gestures.
Natasha shimmers violently.
Natasha casts a spell at you. The magic dart hits you.
* * * LOW HITPOINT WARNING * * *
Natasha claws you!
You die...

)<....# #.#.##......#.
......###.#.#........##
.......##.#..........!#..
.......##.##...[......#(.
#.####....##..........(.
#.######..##.......[(.#
#..........#..........# #
.########........5....# .##
.# ##.#.<..@h....# ...
.####### #......†.(...# ..#
.>.........#.........?#..#
...........#........(...####
...........#.........(.......
<.....[....##..........(##...
...........###......#......#.
.###.### ###........#### g# #
#.).###....#


You could see an iron imp (summoned) and Natasha.

Vanquished Creatures
  An ooze (D:1)
  A dart slug (D:2)
  2 giant cockroaches (D:1)
  5 goblins
  4 hobgoblins
  A ball python (D:1)
  9 bats
  A frilled lizard (D:1)
  A kobold (D:1)
  5 rats
30 creatures vanquished.

Notes
Turn   | Place    | Note
-------+----------+-------------------------------------------
     0 | D:1      | hehateme the Ogre Venom Mage began the quest for the Orb.
     0 | D:1      | Reached XP level 1. HP: 16/16 MP: 3/3
   219 | D:1      | Reached XP level 2. HP: 25/26 MP: 5/5
   249 | D:1      | Reached skill level 1 in Fighting
   790 | D:1      | Reached XP level 3. HP: 31/33 MP: 7/7
  1020 | D:1      | Reached skill level 3 in Spellcasting
  1130 | D:2      | Noticed Natasha
  2497 | D:2      | Reached skill level 1 in Armour
  2628 | D:2      | Slain by Natasha

Illustrated notes

Levels and vault maps discovered:
D:1:      dpeg_arrival_round_a, layout_basic
D:2:      layout_rooms, tso_metal_star, gammafunk_temple_overflow_elements,
          st_stairs_1, grunt_gozag_breadcrumbs, uniq_jessica, uniq_natasha,
          uniq_sigmund

Skill      XL: |  1  2  3 |
---------------+----------+-----
Fighting       | 1 |  1.6
Spellcasting   | 3 |  3.0
Armour         | 1 |  1.0
Axes           | |  0.3
Dodging        | |  1.7
Stealth        | |  1.4
Unarmed Combat | |  0.9
Transmutations | |  0.8
Poison Magic   | |  2.6

Action                   || total
-------------------------++-------
Melee: Unarmed           ||   161
       Hand axe          ||    17
       Punch             ||     1
 Fire: Hunting sling     ||     9
  Use: Scroll            ||     4
  Eat: Chunk             ||     2
       Ration            ||     1
Armor: Robe              ||    82
Dodge: Dodged            ||   128
